 Dungeon Crawl Stone Soup version 0.32-a0-675-gdc239d62e1 (webtiles) character file.

Game seed: 15555257651808681507

202899 Khashishi the Warrior (level 18, -9/156 HPs)
             Began as a Coglin Chaos Knight on Mar 11, 2024.
             Was a Plaything of Xom.
             Killed from afar by Ilsuiw (51 damage)
             ... with a shard of ice
             ... on level 3 of the Shoals on Mar 12, 2024.
             The game lasted 03:07:11 (28853 turns).

Khashishi the Warrior (Coglin Chaos Knight)        Turns: 28853, Time: 03:07:12

Health: -9/156     AC: 38    Str: 17    XL:     18   Next: 59%
Magic:  16/16      EV: 16    Int: 19    God:    Xom [....*.]
Gold:   769        SH:  0    Dex: 16    Spells: 17/17 levels left

rFire   . . .        k - +7 broad axe (drain) {Appia}
rCold   x . .        o - +6 broad axe "Moxio" {protect, Will+ rCorr Stlth+}
rNeg    + + .        i - +6 pearl dragon scales
rPois   +            x - +2 helmet
rElec   .            N - +2 ratskin cloak {*Rats rPois rN+ Str-1 Int-1 Dex+1}
rCorr   +            V - +0 pair of fencer's gloves {Riposte Dex+3}
SInv    .            (no boots)
Will    +++..        (amulet unavailable)
Stlth   +            (ring unavailable)
HPRegen 0.46/turn    (ring unavailable)
MPRegen 0.15/turn    P - automatic gyromatrix {AutoDazzle, Will+ Slay+3}

%: no passive effects
@: engulfed (cannot breathe), cleaving, under a protective aura, mesmerised,
revved, very slow
A: off-hand wielding, slow wielding, warmup strikes, no jewellery, clever 2,
deterioration 1, low MP 1, screaming 1, cold vulnerability 1, inability to drink
after injury 1, devolution 1
}: 1/15 runes: gossamer
a: Renounce Religion


You were on level 3 of the Shoals.
You worshipped Xom.
You were a beloved toy of Xom.
You visited 6 branches of the dungeon, and saw 30 of its levels.
You also visited: Sewer, Bailey, Ice Cave and Volcano.

You collected 3342 gold pieces.
You spent 2573 gold pieces at shops.

Inventory:

Hand Weapons
 k - a +7 broad axe of draining (weapon) {Appia}
 n - a +4 morningstar {Tae}
 o - the +6 broad axe "Moxio" (offhand) {protect, Will+ rCorr Stlth+}
   (You found it on level 3 of the Spider Nest)

   Will+:     It increases your willpower.
   rCorr:     It protects you from acid and corrosion.
   Stlth+:    It makes you more stealthy.
 H - a +5 morningstar of protection {Gabriela}
 T - a +2 broad axe
Missiles
 b - 53 boomerangs
 e - 17 poisoned darts (quivered)
 u - 4 javelins
 v - 5 throwing nets
 U - 5 curare-tipped darts
Armour
 d - a +2 cloak of fire resistance
 i - +6 pearl dragon scales (worn)
 x - a +2 helmet (worn)
 N - the +2 ratskin cloak (worn) {*Rats rPois rN+ Str-1 Int-1 Dex+1}
   (You found it on level 1 of the Lair of Beasts)

   *Rats:     When the wearer is hurt, rats may emerge from it to assist them.
   Str-1:     It affects your strength (-1).
   Int-1:     It affects your intelligence (-1).
   Dex+1:     It affects your dexterity (+1).
   rPois:     It protects you from poison.
   rN+:       It protects you from negative energy.
 R - a scarf of resistance
 V - the +0 pair of fencer's gloves (worn) {Riposte Dex+3}
   (You acquired it on level 3 of the Lair of Beasts)

   Riposte:   It allows the wearer to riposte with melee weapons, swiftly
   retaliating against missed or blocked melee attacks.
   Dex+3:     It affects your dexterity (+3).
 Y - the -1 hat "Woates" {rElec Will+}
   (You found it on level 4 of the Spider Nest)

   rElec:     It insulates you from electricity.
   Will+:     It increases your willpower.
Gizmo
 P - an automatic gyromatrix (installed) {AutoDazzle, Will+ Slay+3}
   (You invented it yourself on level 5 of the Lair of Beasts)

   [automatic gyromatrix]

   AutoDazzle: It sometimes fires a blinding ray at enemies whose attacks you
   dodge.
   Slay+3:    It affects your accuracy & damage with ranged weapons and melee
   (+3).
   Will+:     It increases your willpower.
Wands
 j - a wand of flame (30)
 y - a wand of iceblast (34)
 I - a wand of charming (15)
 J - a wand of quicksilver (15)
 W - a wand of mindburst (10)
Scrolls
 c - 2 scrolls of butterflies
 g - 3 scrolls of amnesia
 m - 2 scrolls of blinking
 p - a scroll of silence
 r - a scroll of fear
 w - 6 scrolls of fog
 A - 10 scrolls of teleportation
 B - a scroll of immolation
 C - a scroll of torment
 D - 11 scrolls of revelation
 F - 4 scrolls of vulnerability
 K - 2 scrolls of poison
 Z - a scroll of brand weapon
Potions
 a - a potion of invisibility
 f - 8 potions of ambrosia
 h - 9 potions of curing
 l - 2 potions of cancellation
 q - 7 potions of brilliance
 s - 4 potions of magic
 t - 10 potions of enlightenment
 E - 2 potions of resistance
 L - 4 potions of attraction
 M - 4 potions of lignification
 O - 4 potions of haste
 S - a potion of might
 X - a potion of heal wounds
Miscellaneous
 G - a sack of spiders
 Q - a phantom mirror


   Skills:
 + Level 17.9 Fighting
 * Level 17.8 Axes
 + Level 14.4 Armour
 - Level 13.0 Dodging
 - Level 4.0 Stealth
 - Level 14.4 Evocations


You had 17 spell levels left.
You didn't know any spells.
Your spell library contained the following spells:

 Spells                   Type           Power      Damage    Failure   Level
 Kiss of Death            Conj/Necr      0%         2d5       52%         1
 Magic Dart               Conj           0%         1d3       52%         1
 Necrotise                Necr           0%         1d4       52%         1
 Call Imp                 Summ           0%         N/A       65%         2
 Cigotuvi's Dreadful Rot  Necr/Alch/Air  0%         N/A       65%         2
 Ensorcelled Hibernation  Hex/Ice        0%         N/A       65%         2
 Scorch                   Fire           0%         2d5       65%         2
 Searing Ray              Conj           0%         2d4       65%         2
 Static Discharge         Conj/Air       0%         3-3/arc   65%         2
 Sublimation of Blood     Necr           0%         N/A       65%         2
 Confusing Touch          Hex            0%         N/A       87%         3
 Fugue of the Fallen      Necr           0%         N/A       87%         3
 Gell's Gravitas          Tloc           0%         N/A       87%         3
 Inner Flame              Hex/Fire       0%         N/A       87%         3
 Teleport Other           Tloc           0%         N/A       87%         3
 Tukima's Dance           Hex            0%         N/A       87%         3
 Vampiric Draining        Necr           0%         2d6       87%         3
 Airstrike                Air            0%         2d(0-16)  99%         4
 Anguish                  Hex/Necr       0%         N/A       99%         4
 Animate Dead             Necr           0%         N/A       99%         4
 Brom's Barrelling Bould  Conj/Erth      0%         2d3       99%         4
 Dispel Undead            Necr           0%         3d6       99%         4
 Flame Wave               Conj/Fire      0%         2d4       99%         4
 Fulminant Prism          Conj/Alch      0%         3d5       99%         4
 Martyr's Knell           Necr/Summ      0%         N/A       99%         4
 Passage of Golubria      Tloc           0%         N/A       99%         4
 Petrify                  Alch/Erth      0%         N/A       99%         4
 Summon Lightning Spire   Summ/Air       0%         N/A       99%         4
 Vhi's Electric Charge    Tloc/Air       0%         N/A       99%         4
 Alistair's Intoxication  Alch           0%         N/A       100%        5
 Arcjolt                  Conj/Air       0%         1d10      100%        5
 Borgnjor's Vile Clutch   Necr/Erth      0%         N/A       100%        5
 Curse of Agony           Necr           0%         N/A       100%        5
 Fireball                 Conj/Fire      0%         3d3       100%        5
 Irradiate                Conj/Alch      0%         3d11      100%        5
 Iskenderun's Battlesphe  Conj           0%         2d6       100%        5
 Silence                  Hex/Air        0%         N/A       100%        5
 Summon Forest            Summ/Tloc      0%         N/A       100%        5
 Summon Mana Viper        Hex/Summ       0%         N/A       100%        5
 Yara's Violent Unravell  Hex/Alch       0%         3d3       100%        5
 Conjure Ball Lightning   Conj/Air       0%         3x3d6     100%        6
 Death Channel            Necr           0%         N/A       100%        6
 Dispersal                Tloc           0%         N/A       100%        6
 Eringya's Noxious Bog    Alch           0%         4d6       100%        6
 Plasma Beam              Fire/Air       0%         2x1d10    100%        6
 Summon Cactus Giant      Summ           0%         N/A       100%        6
 Haunt                    Necr/Summ      0%         N/A       100%        7
 Orb of Destruction       Conj           0%         9d5       100%        7
 Summon Hydra             Summ           0%         N/A       100%        7
 Ignition                 Fire           0%         3d3       100%        8
 Infestation              Necr           0%         N/A       100%        8
 Lehudib's Crystal Spear  Conj/Erth      0%         10d2      100%        8


Dungeon Overview and Level Annotations

Branches:
Dungeon (15/15)            Temple (1/1) D:4            Lair (5/5) D:8
 Shoals (3/4) Lair:3       Spider (4/4) Lair:2        Slime (0/5) Lair:4
    Orc (2/2) D:12            Elf (0/3) Orc:2        Vaults (0/5) D:13
 Depths (0/4) D:15          Sewer (visited)          Bailey (visited)
  IceCv (visited)         Volcano (visited)

Altars:
Ashenzari
Cheibriados
Dithmenos
Elyvilon
Fedhas
Gozag
Hepliaklqana
Kikubaaqudgha
Makhleb
Nemelex Xobeh
Okawaru
Qazlal
Ru
Sif Muna
Trog
Uskayaw
Vehumet
Wu Jian
Xom
Yredelemnul
Zin
The Shining One
Jiyva

Shops:
D:3 *[   D:4 *   D:14 [   Orc:1 [=!   Orc:2 ?!*[?

Annotations:
Shoals:3 Ilsuiw
Spider:2 2 transporters, exclusion: orange crystal statue


Innate Abilities, Weirdness & Mutations

You can wield a second weapon in your off-hand.
It takes a long time for you to wield or remove held weapons.
Your first few attacks do less damage.
You cannot equip rings or amulets.
Your mind is very acute. (Int +8, Str/Dex -2)
Your body sometimes deteriorates upon taking damage.
Your magical capacity is low. (-10% MP)
You occasionally shout uncontrollably at your foes.
You are vulnerable to cold. (rC-)
You occasionally lose the ability to drink potions when taking damage.
You have hidden genetic defects.


Message History

The merfolk siren chants its luring song.
The water elemental closely misses you.
Your unstable footing causes you to fumble your attack. x2
The water elemental misses you.
The merfolk javelineer throws a javelin.
The javelin pierces through you!
* * * LOW HITPOINT WARNING * * *
The javelin completely misses the water elemental.
The rime drake bites you but does no damage.
The water elemental hits you.
The water elemental engulfs you in water!
The merfolk siren chants its luring song.
You cannot read scrolls while unable to breathe!
The water engulfing you falls away.
You gasp with relief as air once again reaches your lungs.
A manticore comes into view.
The ice encasing you melts away. The water elemental hits you.
The merfolk javelineer hits you but does no damage.
You writhe in agony.
* * * LOW HITPOINT WARNING * * *
The merfolk siren chants its luring song.
The water elemental closely misses you.
You riposte.
You slice the water elemental with the +6 broad axe "Moxio"!!
Your weapon exudes an aura of protection.
You destroy the water elemental!
The water elemental disappears in a puff of smoke!
You slash the water elemental with the +6 broad axe "Moxio"!
You hit the merfolk siren with the +6 broad axe "Moxio".
You hit the water elemental with your +7 broad axe of draining.
You barely miss the merfolk siren with your +7 broad axe of draining.
The water elemental attacks as it pursues you!
The water elemental hits you.
The water elemental engulfs you in water!
The water elemental misses you.
A shard of ice appears from out of thin air!
The shard of ice hits you!!!
You feel a painful chill!
Xom thinks this is hilarious!
You die...
Xom laughs nastily!

.# #....~~.....
..####...~~~~.....~~~~~~
~.......~~~~~~...~~~~~~~
~~~~~~~)~~~~~~~..~~~~H~~
P~)~))~~~~~~~~~.........
P~~~~~)~~~~....~~.......
~~~.<.~~~~.....≈~~~~~~~.
P~~...~~~~...~~≈~~~≈~~~~
~~~~.~~~~...)~kE@~~~~~~~
P~~~P~~~~...~~~Em§~≈~≈~~
P~~~~~~~~.?.††)≈m....~~~
PP~≈≈≈~P~...~~~~......~~
~~P≈≈≈~~~...~≈≈~..##..~~
~≈≈≈≈≈~~~~..~~~~..# .{~~
≈≈≈≈~P~~..~~~~.... .~~
≈≈≈≈~~~~.~≈~~~.... ~~
≈≈≈≈≈~~~~~~~~~~≈~~


You could see a merfolk javelineer, a manticore, 2 water elementals, a merfolk
siren (mesmerising) and a rime drake (drained).

Vanquished Creatures
  Jorgrun (D:14)
  Roxanne (D:15)
  8 emperor scorpions
  5 ghost moths
  2 broodmothers (Spider:4)
  A reaper (IceCv)
  A stone giant (D:15)
  A red draconian (Volcano)
  Josephine (D:14)
  A merfolk javelineer (Shoals:3)
  3 entropy weavers
  Fannar (Orc:1)
  An ice dragon (Bailey)
  A rakshasa (D:12)
  2 merfolk avatars
  6 hydras
  A jorogumo (Spider:1)
  3 radroaches
  A vault guard (D:13)
  An ogre mage (D:15)
  5 centaur warriors
  2 death knights
  5 two-headed ogres
  An alligator snapping turtle (Shoals:2)
  A catoblepas (D:15)
  A dancing weapon (D:13)
  4 boulder beetles
  8 death yaks (Lair:4)
  A satyr (Shoals:3)
  3 orc high priests (Orc:2)
  2 tengu warriors
  5 demonic crawlers
  7 skysharks
  7 sea snakes
  A deep troll (D:15)
  8 pharaoh ants
  A sun moth (Spider:2)
  15 orb spiders
  A lindwurm (Spider:4)
  11 steelbarb worms
  7 orc knights
  A necromancer (D:15)
  4 harpies
  5 orc sorcerers
  An ugly thing (D:13)
  5 deep elf pyromancers
  4 oklob plants (Lair:3)
  6 cyclopes
  25 wolf spiders
  7 fauns
  8 manticores
  17 elephants
  6 meliai
  A water nymph (Lair:5)
  8 torpor snails
  5 moths of wrath
  2 black mambas (Lair:3)
  4 kobold blastminers
  3 merfolk sirens
  2 ice statues (IceCv)
  2 gargoyles
  9 cane toads
  6 rime drakes
  Jeremiah (D:8)
  3 kobold demonologists (D:11)
  3 freezing wraiths (D:14)
  An anaconda simulacrum (IceCv)
  9 komodo dragons
  2 tengu conjurers
  7 ice devils (IceCv)
  Psyche (D:8)
  3 trolls
  2 wind drakes
  2 polar bears
  26 tarantellas
  A hornet (Lair:5)
  15 blink frogs
  3 merfolk
  A wolf spider simulacrum (D:14)
  2 snapping turtles
  6 dream sheep
  23 slime creatures
  3 shadows
  2 water elementals
  9 wraiths
  37 culicivoras
  27 jumping spiders
  7 wyverns
  42 yaks
  3 basilisks
  A vampire (D:5)
  A dire elephant simulacrum (IceCv)
  8 fire bats (Volcano)
  A warg (Orc:1)
  67 redbacks
  5 steam dragons
  4 death yak simulacra
  2 acid dragons
  A hydra simulacrum (IceCv)
  5 water moccasins
  3 ice beasts
  2 laughing skulls (D:12)
  26 orc warriors
  3 black bears
  A meliai simulacrum (D:14)
  11 ogres
  A crocodile (shapeshifter) (Spider:4)
  6 wolves (Lair:2)
  9 centaurs
  A boggart (Spider:4)
  4 phantoms
  A kobold brigand (Sewer)
  10 bullfrogs
  4 scorpions
  14 wights
  2 cane toad simulacra
  6 two-headed ogre simulacra
  4 gnoll sergeants
  An elephant simulacrum (IceCv)
  23 killer bees
  4 electric eels
  6 howler monkeys
  5 lava snakes (Volcano)
  A crimson imp (D:6)
  5 bombardier beetles
  4 jellies
  2 hounds
  4 gnoll boudas (D:7)
  17 orc priests
  A sleepcap (D:7)
  Jessica (D:3)
  2 iguanas
  20 orc wizards
  A spriggan simulacrum (IceCv)
  A hell rat (Lair:4)
  2 polar bear simulacra
  A troll simulacrum (D:13)
  2 wolf simulacra
  22 gnolls
  9 adders
  4 naga simulacra (IceCv)
  A river rat (Sewer)
  A shadow imp (D:7)
  5 white imps
  5 ufetubi
  7 dart slugs
  A ribbon worm (D:3)
  62 orcs
  11 endoplasms
  2 giant cockroaches
  16 goblins
  6 hobgoblins
  7 jackals
  19 kobolds
  7 quokkas
  9 ball pythons
  4 bats
  A frilled lizard (D:3)
  6 rats
1021 creatures vanquished.

Vanquished Creatures (collateral kills)
  Arachne (Spider:4)
  A merfolk impaler (Shoals:3)
  2 hydras
  Erica (D:10)
  An orb spider (Spider:3)
  A faun (Shoals:3)
  A manticore (Lair:3)
  A merfolk (Shoals:3)
  A polar bear (Lair:3)
  2 tarantellas
  A wind drake (Shoals:3)
  3 blink frogs
  2 slime creatures
  A redback (Spider:4)
  A kobold brigand (D:11)
  A lava snake (Volcano)
  A gnoll (D:10)
  An ufetubus (IceCv)
  2 orcs
  3 kobolds (D:11)
28 creatures vanquished.

Vanquished Creatures (others)
  A yaktaur (Volcano)
  A wind drake (Shoals:3)
  A bullfrog (D:7)
  A howler monkey (D:7)
  2 orc wizards (D:7)
6 creatures vanquished.

Grand Total: 1055 creatures vanquished

Notes
Turn   | Place    | Note
-------+----------+-------------------------------------------
     0 | D:1      | Khashishi the Coglin Chaos Knight began the quest for the
                  | Orb.
     0 | D:1      | Reached XP level 1. HP: 18/18 MP: 1/1
    25 | D:1      | Reached skill level 1 in Dodging
   152 | D:1      | Reached XP level 2. HP: 24/24 MP: 2/2
   548 | D:1      | XOM: give mutations
   548 | D:1      | Gained mutation: Your muscles are strong. (Str +4, Int/Dex
                  | -1) [Xom's mischief]
   548 | D:1      | Gained mutation: You are somewhat resistant to further
                  | mutation. [Xom's mischief]
   548 | D:1      | Gained mutation: You occasionally lose the ability to drink
                  | potions when taking damage. [Xom's mischief]
   810 | D:1      | XOM: cloud trail
   858 | D:2      | Reached XP level 3. HP: 28/29 MP: 3/3
  1228 | D:2      | XOM: potion effect (attraction)
  1235 | D:2      | Reached XP level 4. HP: 35/35 MP: 4/4
  1291 | D:3      | XOM: give mutations
  1291 | D:3      | Gained mutation: Your flesh is cold resistant. (rC+) [Xom's
                  | grace]
  1291 | D:3      | Gained mutation: You have an increased reservoir of magic.
                  | (+10% MP) [Xom's grace]
  1291 | D:3      | Gained mutation: You are agile. (Dex +4, Str/Int -1) [Xom's
                  | grace]
  1291 | D:3      | Lost mutation: You are somewhat resistant to further
                  | mutation. [Xom's grace]
  1291 | D:3      | Gained mutation: You have hidden genetic potential. [Xom's
                  | grace]
  1293 | D:3      | Found a glowing drain.
  1293 | D:3      | XOM: 4-stop teleportation journey
  1457 | Sewer    | Entered a sewer
  1506 | Sewer    | Noticed a kobold brigand
  1518 | Sewer    | XOM: swap monsters
  1521 | Sewer    | Killed a kobold brigand
  1522 | Sewer    | Reached XP level 5. HP: 31/42 MP: 5/5
  1527 | Sewer    | Gained mutation: You are partially covered in iridescent
                  | scales. (AC +2) [hidden potential]
  1530 | Sewer    | XOM: 5-stop teleportation journey
  1566 | Sewer    | Found a glowing silver altar of Zin.
  1766 | D:3      | XOM: god gift: scroll labelled ERHELI JEGAT {god gift}
  1788 | D:3      | Found Liot's General Store.
  1803 | D:3      | Bought a scroll of enchant armour for 82 gold pieces
  1840 | D:3      | Found Goloputh's Antique Armour Emporium.
  2046 | D:3      | Noticed Jessica
  2048 | D:3      | XOM: butterfly on damage
  2054 | D:3      | Killed Jessica
  2335 | D:3      | XOM: noise
  2382 | D:4      | Reached XP level 6. HP: 47/48 MP: 6/6
  2425 | D:4      | XOM: chaos cloud
  2444 | D:5      | Entered Level 5 of the Dungeon
  2446 | D:5      | Gained mutation: You are very agile. (Dex +8, Str/Int -2)
                  | [hidden potential]
  2446 | D:5      | Lost mutation: You have hidden genetic potential. [hidden
                  | potential expressed]
  2459 | D:5      | Noticed a hornet
  2464 | D:5      | Reached skill level 1 in Stealth
  2473 | D:5      | Noticed a black bear
  2477 | D:5      | Killed a black bear
  2553 | D:4      | Found a staircase to the Ecumenical Temple.
  2574 | Temple   | Entered the Ecumenical Temple
  2602 | D:4      | XOM: 1-stop teleportation journey
  2605 | D:4      | Reached XP level 7. HP: 51/55 MP: 7/7
  2665 | D:4      | Found Qadunyas's Assorted Antiques.
  2712 | D:4      | Bought a scroll labelled YCISUB YSHA for 26 gold pieces
  2712 | D:4      | Bought a scroll labelled ETAUZ SIR WENO for 26 gold pieces
  2932 | D:4      | XOM: draining
  3111 | D:5      | XOM: blink monster(s)
  3120 | D:5      | Reached skill level 5 in Axes
  3293 | D:5      | XOM: 1-stop teleportation journey
  3635 | D:5      | Reached skill level 5 in Fighting
  3640 | D:5      | Noticed a vampire
  3732 | D:6      | XOM: blink monster(s)
  3760 | D:6      | Reached XP level 8. HP: 50/62 MP: 8/8
  3864 | D:6      | Found a snail-covered altar of Cheibriados.
  3931 | D:6      | XOM: chaos upgrade
  4209 | D:6      | Found a hide-covered altar of Uskayaw.
  4224 | D:6      | XOM: polymorph ufetubus -> crimson imp
  4410 | D:7      | XOM: stat loss: -1 Dex (19/20)
  4414 | D:7      | XOM: give mutations
  4414 | D:7      | Gained mutation: Your body sometimes deteriorates upon
                  | taking damage. [Xom's mischief]
  4414 | D:7      | Lost mutation: Your body sometimes deteriorates upon taking
                  | damage. [Xom's mischief]
  4414 | D:7      | Gained mutation: You expend magic power (3 MP) to
                  | strengthen your wands. [Xom's mischief]
  4505 | D:7      | XOM: fog
  4510 | D:7      | Reached XP level 9. HP: 17/69 MP: 9/9
  4630 | D:7      | Found a shimmering altar of Xom.
  4633 | D:7      | Noticed a gargoyle
  4687 | D:7      | XOM: noise
  4688 | D:7      | XOM: silly message
  4719 | D:7      | Reached skill level 5 in Armour
  4721 | D:7      | Reached skill level 5 in Dodging
  4738 | D:7      | XOM: cloud trail
  4774 | D:7      | Found the +5 woodcutter's axe
  4812 | D:7      | XOM: divination: detect items
  4826 | D:7      | Found a flagged portal.
  4846 | D:7      | XOM: confusion (+ monsters)
  4935 | Bailey   | Entered a bailey
  4987 | Bailey   | Noticed an orc warlord
  5062 | Bailey   | Found a runed translucent gate.
  5064 | Bailey   | Found a runed translucent gate.
  5140 | Bailey   | XOM: potion effect (invisibility)
  5319 | Bailey   | Found a runed translucent gate.
  5663 | Bailey   | XOM: summons 2 friendly demons
  5667 | Bailey   | an orc warlord changed into an ice dragon
  5667 | Bailey   | Noticed an ice dragon
  5667 | Bailey   | XOM: polymorph orc warlord -> ice dragon
  5673 | Bailey   | Killed an ice dragon
  5698 | Bailey   | XOM: give mutations
  5698 | Bailey   | Lost mutation: Your flesh is cold resistant. (rC+) [Xom's
                  | mischief]
  5698 | Bailey   | Gained mutation: You are somewhat resistant to further
                  | mutation. [Xom's mischief]
  5698 | Bailey   | Gained mutation: You are dopey. (Int -2) [Xom's mischief]
  5698 | Bailey   | Lost mutation: You have an increased reservoir of magic.
                  | (+10% MP) [Xom's mischief]
  5725 | Bailey   | XOM: god gift: 35 gold pieces
  5796 | D:6      | Acquired a manual of Fighting
  5862 | D:4      | Bought a brass wand for 104 gold pieces
  6106 | D:5      | XOM: summons 2 hostile demons
  6158 | D:5      | XOM: summons 5 hostile demons
  6159 | D:5      | Noticed a soul eater
  6159 | D:5      | Noticed an ice devil
  6254 | D:5      | XOM: give mutations
  6254 | D:5      | Gained mutation: You have supernaturally acute eyesight.
                  | (SInv) [Xom's mischief]
  6254 | D:5      | Lost mutation: You are partially covered in iridescent
                  | scales. (AC +2) [Xom's mischief]
  6254 | D:5      | Lost mutation: You expend magic power (3 MP) to strengthen
                  | your wands. [Xom's mischief]
  6254 | D:5      | Gained mutation: You are strong-willed. (Will+) [Xom's
                  | mischief]
  6345 | D:7      | XOM: summons 2 hostile demons
  6346 | D:7      | Noticed a red devil
  6397 | D:8      | Reached XP level 10. HP: 59/80 MP: 10/10
  6489 | D:8      | XOM: confuse monster(s)
  6537 | D:8      | Found a shimmering blue altar of Sif Muna.
  6546 | D:8      | XOM: enchant monster (bad)
  6557 | D:8      | Found a staircase to the Lair.
  6626 | D:8      | Found a blossoming altar of Fedhas.
  6864 | D:8      | Noticed Jeremiah
  6870 | D:8      | Killed Jeremiah
  6893 | D:8      | XOM: noise
  7024 | D:8      | Noticed Psyche
  7122 | D:7      | XOM: draining
  7146 | D:7      | Killed a gargoyle
  7578 | D:4      | Bought a jewelled bone wand for 104 gold pieces
  7667 | D:8      | Killed Psyche
  7780 | Lair:1   | Entered Level 1 of the Lair of Beasts
  7803 | Lair:1   | XOM: summons friendly shadow imp
  7805 | Lair:1   | XOM: butterfly on damage
  7845 | Lair:1   | XOM: divination: magic mapping
  7851 | Lair:1   | Reached skill level 10 in Fighting
  7851 | Lair:1   | Reached XP level 11. HP: 44/90 MP: 11/11
  7853 | Lair:1   | XOM: silly message
  7882 | Lair:1   | XOM: 2-stop teleportation journey
  7999 | Lair:1   | XOM: polymorph scorpion -> wyvern
  8003 | Lair:1   | XOM: god gift: book of Dreams
  8184 | Lair:1   | XOM: cast spell 'Summon Cactus Giant'
  8239 | Lair:1   | XOM: scenery: summon butterflies
  8345 | Lair:1   | XOM: summons 11 friendly demons
  8562 | Lair:1   | XOM: scenery: summon butterflies
  8564 | Lair:1   | XOM: silly message
  8732 | Lair:1   | Found the +2 ratskin cloak {*Rats rPois rN+ Str-1 Int-1
                  | Dex+1}
  8798 | Lair:2   | Found a dark tunnel.
  8884 | Lair:2   | XOM: enchant monster (bad)
  8938 | Lair:2   | XOM: silly message
  8983 | Volcano  | Entered a volcano
  9039 | Volcano  | XOM: 1-stop teleportation journey
  9200 | Volcano  | Noticed a centaur warrior
  9202 | Volcano  | Noticed a red draconian
  9216 | Volcano  | Killed a red draconian
  9217 | Volcano  | Reached skill level 10 in Axes
  9219 | Volcano  | Killed a centaur warrior
  9220 | Volcano  | Reached XP level 12. HP: 80/102 MP: 12/12
  9223 | Volcano  | Found a bloodstained altar of Trog.
  9306 | Lair:2   | XOM: scenery: create altars
  9456 | Lair:2   | Found a hole to the Spider Nest.
  9601 | Lair:2   | XOM: 2-stop teleportation journey
  9641 | Lair:2   | XOM: destruction
  9712 | Lair:2   | Noticed an eight-headed hydra
 10008 | Lair:3   | XOM: noise
 10032 | Lair:3   | Found a staircase to the Shoals.
 10059 | Lair:3   | XOM: enchant monster (good)
 10192 | Lair:3   | Noticed a skyshark
 10205 | Lair:3   | XOM: summons friendly iron imp
 10208 | Lair:3   | Killed a skyshark
 10220 | Lair:3   | XOM: enchant monster (bad)
 10223 | Lair:3   | XOM: silly message
 10229 | Lair:3   | XOM: repel stairs
 10238 | Lair:3   | XOM: 2-stop teleportation journey
 10469 | Lair:3   | Noticed a boulder beetle
 10481 | Lair:3   | Killed a boulder beetle
 10496 | Lair:3   | XOM: cast spell 'Fugue of the Fallen'
 10722 | Lair:3   | XOM: divination: detect creatures
 10961 | Lair:4   | XOM: cloud trail
 10990 | Lair:4   | Reached XP level 13. HP: 92/112 MP: 13/13
 11142 | Lair:4   | XOM: confuse monster(s)
 11143 | Lair:4   | Reached skill level 1 in Evocations
 11173 | Lair:4   | XOM: enchant monster (good)
 11207 | Lair:4   | Found a viscous altar of Jiyva.
 11208 | Lair:4   | Found a staircase to the Slime Pits.
 11307 | Lair:4   | Reached skill level 10 in Armour
 11313 | Lair:4   | XOM: divination: detect creatures
 11315 | Lair:4   | Reached skill level 10 in Dodging
 11567 | Lair:4   | XOM: divine lightning
 11587 | Lair:4   | XOM: potion effect (attraction)
 11599 | Lair:4   | XOM: potion effect (might)
 11789 | Lair:4   | XOM: confusion (+ monsters)
 11962 | Lair:4   | XOM: give mutation
 11962 | Lair:4   | Gained mutation: You are somewhat resistant to both further
                  | mutation and mutation removal. [Xom's grace]
 11971 | Lair:4   | XOM: 2-stop teleportation journey
 12076 | Lair:4   | XOM: fog
 12093 | Lair:4   | XOM: cast spell 'Summon Hydra'
 12101 | Lair:4   | Reached skill level 5 in Evocations
 12293 | Lair:4   | XOM: cloud trail
 12385 | Lair:5   | Entered Level 5 of the Lair of Beasts
 12419 | Lair:5   | XOM: give mutations
 12419 | Lair:5   | Gained mutation: Your natural rate of healing is unusually
                  | fast. [Xom's grace]
 12419 | Lair:5   | Gained mutation: You have a somewhat thin skeletal
                  | structure. (Dex +2, Stealth+) [Xom's grace]
 12419 | Lair:5   | Gained mutation: You have a moderately thin skeletal
                  | structure. (Dex +4, Stealth++) [Xom's grace]
 12419 | Lair:5   | Gained mutation: You have an increased reservoir of magic.
                  | (+10% MP) [Xom's grace]
 12447 | Lair:4   | XOM: confuse monster(s)
 12489 | Lair:5   | XOM: scenery: create altars
 12490 | Lair:5   | XOM: divination: detect creatures
 12580 | Lair:5   | XOM: divination: detect items
 12627 | Lair:5   | XOM: fake destruction
 12632 | Lair:5   | Reached XP level 14. HP: 121/121 MP: 15/15
 12632 | Lair:5   | Acquired an automatic gyromatrix {AutoDazzle, Will+ Slay+3}
 12759 | Lair:5   | XOM: silly message
 12860 | Lair:5   | XOM: 2-stop teleportation journey
 13208 | Lair:5   | XOM: draining
 13221 | Lair:5   | Reached skill level 15 in Fighting
 13421 | Lair:5   | XOM: polymorph wind drake -> water nymph
 13790 | D:8      | XOM: silly message
 13823 | D:9      | XOM: 1-stop teleportation journey
 14060 | D:9      | Found a sacrificial altar of Ru.
 14069 | D:9      | Found an opulent altar of Gozag.
 14069 | D:9      | Found a stormy altar of Qazlal.
 14146 | D:9      | Found an ancient bone altar of Kikubaaqudgha.
 14173 | D:9      | Found a white marble altar of Elyvilon.
 14175 | D:9      | Found a bloodstained altar of Trog.
 14176 | D:9      | Found a glowing silver altar of Zin.
 14177 | D:9      | Found a sparkling altar of Nemelex Xobeh.
 14477 | D:10     | Entered Level 10 of the Dungeon
 14842 | D:10     | XOM: give mutations
 14842 | D:10     | Lost mutation: You are somewhat resistant to both further
                  | mutation and mutation removal. [Xom's mischief]
 14842 | D:10     | Lost mutation: You are dopey. (Int -2) [Xom's mischief]
 14842 | D:10     | Lost mutation: You are very agile. (Dex +8, Str/Int -2)
                  | [Xom's mischief]
 14842 | D:10     | Lost mutation: You are agile. (Dex +4, Str/Int -1) [Xom's
                  | mischief]
 14859 | D:10     | XOM: noise
 14919 | D:10     | Noticed Erica
 14926 | D:10     | Killed Erica
 15614 | D:10     | XOM: noise
 15824 | D:11     | XOM is BORED!
 15824 | D:11     | XOM: give mutation
 15824 | D:11     | Gained mutation: You sometimes lose your temper in combat.
                  | [Xom's mischief]
 16214 | D:11     | XOM: noise
 16536 | D:12     | XOM: swap monsters
 16544 | D:12     | Reached XP level 15. HP: 129/129 MP: 16/16
 16770 | D:12     | XOM: summons friendly quasit
 16827 | D:12     | XOM: blink monster(s)
 16843 | D:12     | Found a staircase to the Orcish Mines.
 16855 | Orc:1    | Entered Level 1 of the Orcish Mines
 16855 | Orc:1    | Noticed Fannar
 16863 | Orc:1    | Found Gihimike's Jewellery Shoppe.
 16882 | Orc:1    | Killed Fannar
 16894 | Orc:1    | XOM: summons 8 hostile demons
 16938 | Orc:2    | Entered Level 2 of the Orcish Mines
 17069 | Orc:2    | Found a staircase to the Elven Halls.
 17126 | Orc:2    | Found Yhuf's Magic Scroll Shoppe.
 17131 | Orc:2    | Bought a scroll of teleportation for 48 gold pieces
 17131 | Orc:2    | Bought a scroll of blinking for 120 gold pieces
 17131 | Orc:2    | Bought a scroll of teleportation for 48 gold pieces
 17215 | Orc:2    | Found Kicroroa's Distillery.
 17282 | Orc:2    | Found Jaiploj's Armour Shoppe.
 17288 | Orc:2    | Found Qiw Iska's Magic Scroll Shoppe.
 17290 | Orc:2    | Found Kivat's General Store.
 17298 | Orc:2    | Bought 3 scrolls of enchant armour for 337 gold pieces
 17546 | Orc:1    | Found Zousua's Distillery.
 17631 | Orc:1    | XOM: chaos cloud
 17637 | Orc:1    | XOM: noise
 17659 | Orc:1    | XOM: summons 1 hostile shadow creature
 17714 | Orc:1    | Found Jatt's Armour Boutique.
 17917 | D:12     | Reached skill level 10 in Evocations
 18190 | D:13     | XOM: swap monsters
 18192 | D:13     | Found a frozen archway.
 18278 | D:13     | XOM: draining
 18281 | IceCv    | Entered an ice cave
 18318 | IceCv    | XOM: 1-stop teleportation journey
 18326 | IceCv    | XOM: smoke on damage
 18784 | D:13     | Found a burning altar of Makhleb.
 18784 | D:13     | XOM: 3-stop teleportation journey
 19124 | D:13     | Found a gate to the Vaults.
 19347 | D:13     | XOM: cloud trail
 19630 | D:14     | Noticed Jorgrun
 19649 | D:14     | Killed Jorgrun
 19692 | D:14     | XOM: 2-stop teleportation journey
 19727 | D:14     | Found Fiehy's Antique Armour Shop.
 20050 | D:14     | Reached XP level 16. HP: 133/138 MP: 17/17
 20091 | D:14     | Found a basalt altar of Yredelemnul.
 20307 | D:14     | Noticed Josephine
 20366 | D:14     | Killed Josephine
 20379 | D:14     | XOM: silly message
 20500 | D:15     | Entered Level 15 of the Dungeon
 20620 | D:15     | XOM: 1-stop teleportation journey
 20677 | D:15     | XOM is BORED!
 20677 | D:15     | XOM: give mutations
 20677 | D:15     | Lost mutation: Your muscles are strong. (Str +4, Int/Dex
                  | -1) [Xom's mischief]
 20677 | D:15     | Lost mutation: You have an increased reservoir of magic.
                  | (+10% MP) [Xom's mischief]
 20890 | D:15     | Noticed Roxanne
 21133 | D:15     | Found a staircase to the Depths.
 21142 | D:15     | XOM: summons 2 hostile shadow creatures
 21389 | D:15     | XOM: give mutations
 21389 | D:15     | Lost mutation: You are somewhat resistant to further
                  | mutation. [Xom's mischief]
 21389 | D:15     | Lost mutation: You have a moderately thin skeletal
                  | structure. (Dex +4, Stealth++) [Xom's mischief]
 21389 | D:15     | Gained mutation: Your spells are a little easier to cast,
                  | but a little less powerful. [Xom's mischief]
 21389 | D:15     | Lost mutation: You are strong-willed. (Will+) [Xom's
                  | mischief]
 21440 | D:15     | Killed Roxanne
 21725 | Spider:1 | Entered Level 1 of the Spider Nest
 21728 | Spider:1 | Identified the orb "Yliesm" {light, Harm Dex+5}
 21743 | Spider:1 | XOM: silly message
 21846 | Spider:1 | XOM: 1-stop teleportation journey
 21901 | Spider:1 | XOM: noise
 21920 | Spider:1 | Lost mutation: You have supernaturally acute eyesight.
                  | (SInv) [potion of mutation]
 21920 | Spider:1 | Lost mutation: Your spells are a little easier to cast, but
                  | a little less powerful. [potion of mutation]
 21920 | Spider:1 | Gained mutation: Your magical capacity is low. (-10% MP)
                  | [potion of mutation]
 21921 | Spider:1 | Lost mutation: Your natural rate of healing is unusually
                  | fast. [potion of mutation]
 21921 | Spider:1 | Lost mutation: Your magical capacity is low. (-10% MP)
                  | [potion of mutation]
 21921 | Spider:1 | Gained mutation: You have hidden genetic potential. [potion
                  | of mutation]
 21928 | Spider:1 | XOM: chaos cloud
 21954 | Spider:1 | Identified the ring "Cihilyco" {^Drain rC++ MP+9 Str+2
                  | SInv}
 22400 | Spider:1 | XOM: stat loss: -1 Str (18/19)
 22520 | Spider:1 | XOM: give mutations
 22520 | Spider:1 | Gained mutation: You are frail. (-10% HP) [Xom's mischief]
 22520 | Spider:1 | Lost mutation: You are frail. (-10% HP) [Xom's mischief]
 22520 | Spider:1 | Lost mutation: You sometimes lose your temper in combat.
                  | [Xom's mischief]
 22520 | Spider:1 | Gained mutation: Your body sometimes deteriorates upon
                  | taking damage. [Xom's mischief]
 22579 | Spider:1 | Reached skill level 15 in Axes
 22837 | Spider:1 | Acquired 554 gold pieces
 23280 | Orc:1    | Bought +1 pearl dragon scales for 1678 gold pieces
 23629 | Spider:2 | XOM: divination: magic mapping
 23631 | Spider:2 | XOM: enchant monster (bad)
 23637 | Spider:2 | XOM: confuse monster(s)
 23647 | Spider:2 | XOM: noise
 23654 | Spider:2 | XOM: summons 9 friendly demons
 23663 | Spider:2 | XOM: cast spell 'Dispersal'
 23664 | Spider:2 | XOM: confuse monster(s)
 23671 | Spider:2 | XOM: enchant monster (good)
 23795 | Spider:2 | XOM: confuse monster(s)
 23803 | Spider:2 | XOM: potion effect (invisibility)
 23806 | Spider:2 | XOM: blink monster(s)
 23814 | Spider:2 | Reached XP level 17. HP: 115/146 MP: 17/17
 23923 | Spider:2 | XOM: cast spell 'Metabolic Englaciation'
 23948 | Spider:2 | Found a transporter.
 23953 | Spider:2 | XOM: potion effect (invisibility)
 24020 | Spider:2 | Found a transporter.
 24020 | Spider:2 | XOM: 9-stop teleportation journey
 24203 | Spider:2 | XOM: god gift: 2 javelins
 24219 | Spider:2 | XOM: cloud trail
 24758 | Spider:3 | XOM: enchant monster (good)
 24762 | Spider:3 | XOM: butterfly on damage
 24927 | Spider:3 | XOM: god gift: 25 gold pieces
 24970 | Spider:3 | Identified the +0 ring mail of Relativism {^Contam rCorr
                  | Int+5}
 24985 | Spider:3 | Identified the +6 broad axe "Moxio" {protect, Will+ rCorr
                  | Stlth+}
 24990 | Spider:3 | XOM: 1-stop teleportation journey
 25139 | Spider:3 | XOM: summons 13 friendly demons
 25142 | Spider:3 | Gained mutation: You are agile. (Dex +4, Str/Int -1)
                  | [hidden potential]
 25363 | Spider:4 | Entered Level 4 of the Spider Nest
 25643 | Spider:4 | Noticed Arachne
 25692 | Spider:4 | Killed Arachne
 25898 | Spider:4 | XOM: cast spell 'Fugue of the Fallen'
 26011 | Spider:4 | XOM: god gift: wand of iceblast (4)
 26068 | Spider:4 | XOM: god gift: sack of spiders
 26170 | Spider:4 | XOM: cleaving
 26175 | Spider:4 | XOM: polymorph jorogumo -> lindwurm
 26691 | Spider:4 | XOM: polymorph redback -> boggart
 26725 | Spider:4 | XOM: god gift: potion of attraction
 26747 | Spider:4 | Reached XP level 18. HP: 135/155 MP: 18/18
 26838 | Spider:4 | XOM: enchant monster (good)
 26847 | Spider:4 | XOM: enchant monster (good)
 26878 | Spider:4 | XOM: draining
 26883 | Spider:4 | XOM: summons 10 hostile demons
 26928 | Spider:4 | Identified the -1 hat "Woates" {rElec Will+}
 26937 | Spider:4 | Got a gossamer rune of Zot
 27006 | Spider:4 | XOM: summons friendly crimson imp
 27007 | Spider:4 | XOM: polymorph crimson imp -> white imp
 27012 | Spider:4 | XOM: give mutations
 27012 | Spider:4 | Lost mutation: You have hidden genetic potential. [Xom's
                  | mischief]
 27012 | Spider:4 | Gained mutation: Your mind is acute. (Int +4, Str/Dex -1)
                  | [Xom's mischief]
 27012 | Spider:4 | Gained mutation: You are vulnerable to cold. (rC-) [Xom's
                  | mischief]
 27012 | Spider:4 | Gained mutation: You have hidden genetic defects. [Xom's
                  | mischief]
 27067 | Spider:4 | XOM: draining
 27438 | Lair:3   | XOM: chaos cloud
 27462 | Lair:3   | XOM: summons 7 hostile demons
 27465 | Lair:3   | XOM: swap monsters
 27511 | Lair:3   | Identified the +0 plate armour "Cyedgh" {Rampage Int-4 SInv
                  | Stlth+}
 27592 | Shoals:1 | Entered Level 1 of the Shoals
 27600 | Lair:3   | Acquired the +0 pair of fencer's gloves {Riposte Dex+3}
 27600 | Lair:3   | Found the +0 pair of fencer's gloves {Riposte Dex+3}
 27949 | Shoals:1 | Identified the +7 dagger of Eternal Harmony {flame, *Slow
                  | rElec rF+ Int+3}
 28128 | Shoals:1 | XOM: noise
 28327 | Shoals:2 | XOM: 4-stop teleportation journey
 28389 | Shoals:2 | Gained mutation: Your magical capacity is low. (-10% MP)
                  | [hidden defects]
 28500 | Shoals:2 | XOM: give mutations
 28500 | Shoals:2 | Gained mutation: Your mind is very acute. (Int +8, Str/Dex
                  | -2) [Xom's mischief]
 28500 | Shoals:2 | Gained mutation: You occasionally shout uncontrollably at
                  | your foes. [Xom's mischief]
 28500 | Shoals:2 | Lost mutation: You have a somewhat thin skeletal structure.
                  | (Dex +2, Stealth+) [Xom's mischief]
 28500 | Shoals:2 | Lost mutation: You are agile. (Dex +4, Str/Int -1) [Xom's
                  | mischief]
 28816 | Shoals:3 | XOM: summons 16 friendly demons
 28828 | Shoals:3 | Noticed Ilsuiw
 28839 | Shoals:3 | XOM: cleaving
 28853 | Shoals:3 | Killed from afar by Ilsuiw

Illustrated notes

Levels and vault maps discovered:
D:1:      ldierk_walled_garden_2, layout_basic
D:2:      layout_basic
D:3:      minmay_razor_zed, layout_loops_ring, serial_shops, shop, shop,
          cheibrodos_sewer_entry_bend, kennysheep_jessica_study
D:4:      layout_rooms, minmay_temple_entry_arrows, serial_shops, shop,
          serial_aquarium, aquarium_bridge_straight [aquarium_subvault_bridge,
          aquarium_subvault_wall, aquarium_subvault_bridge,
          aquarium_subvault_wall], aquarium_window_2, aquarium_window_double,
          aquarium_window_double, aquarium_view_2d, aquarium_pool_corner
D:5:      layout_loops_cross, minmay_misc_feat_columns, minmay_misc_feat_encased
D:6:      layout_rooms, nicolae_uskayaw_suspiria, marbit_many_paths
D:7:      layout_basic, xom_confusion_cloud, enter_bailey_5,
          pf_guarded_unrand_woodcutter
D:8:      layout_loops_cross, led_sif_book, fedhas_altar_2,
          due_lair_maze_entry_diamond, nicolae_lava_and_water, uniq_jeremiah,
          uniq_psyche
D:9:      layout_irregular_city, kiku_gazebo_garden_becter,
          gammafunk_temple_overflow_forgotten, mainiacjoe_overflow_alcove_3
D:10:     layout_layer_cave, uniq_erica
D:11:     minmay_blocky_corners, layout_long_grid
D:12:     layout_loops_ring, david_orc_4
D:13:     layout_basic, erik_vaults_1, portal_ice_cave_entry_ice_simulacra,
          bloody_makhleb
D:14:     layout_roguey [special_room_orc], yredelemnul_altar_generic,
          serial_shops, nicolae_stop_n_shop_2, uniq_josephine, uniq_jorgrun
D:15:     hangedman_depths_entry_civil_slaughter, layout_basic, uniq_roxanne
Temple:   nicolae_temple_ecumenical_triangle
Lair:1:   layout_cave_pods, hibernation_bobbens
Lair:2:   layout_regular_city, hellmonk_spider_entry_life_and_decay,
          nicolae_volcano_entry_two_sided, pdpol_lair_neglected_garden,
          infiniplex_staircase_pool, grunt_megastairs_4
Lair:3:   minmay_lair_oklob_tunnel, layout_chaotic_city,
          minmay_shoals_entry_beasts, cheibrodos_lair_caveside_slide
Lair:4:   layout_cellular_growth, slime_entry_1, fungi_pond_lemuel,
          nzn_random_ring
Lair:5:   gammafunk_lair_ancient_temple, layout_cave_pods, serial_bayou_shore_b
Shoals:1: layout_shoals
Shoals:2: layout_shoals, nicolae_shoals_so_close
Shoals:3: layout_shoals, gammafunk_ghost_grave, nicolae_shoals_drake_roost,
          uniq_ilsuiw
Spider:1: layout_spider_delve
Spider:2: gammafunk_sealed_arena
Spider:3: layout_spider_delve
Spider:4: grunt_spider_rune_circles, hellmonk_deceptive_appearances,
          uniq_arachne
Orc:1:    layout_diamond_mine, serial_shops, nicolae_shop_gaudy_bauble, shop,
          shop, uniq_fannar
Orc:2:    st_orc_elflike, layout_caves, serial_shops,
          nicolae_shop_just_a_little_nook

Skill      XL: |  1  2  3  4  5  6  7  8  9 10 11 12 13 14 15 16 17 18 |
---------------+-------------------------------------------------------+-----
Dodging        | 1 2 3 4 6 7 8 9 10 11 12 13 | 13.0
Armour         | 2 3 4 6 7 8 9 10 11 12 13 14 | 14.4
Axes           | 4 5 6 7 8 10 11 12 13 15 16 17 | 17.8
Fighting       | 4 5 6 7 10 12 13 14 15 16 17 | 17.9
Stealth        | 1 2 3 4 |  4.0
Evocations     | 6 9 10 12 14 | 14.4

Action                     |  1- 3 |  4- 6 |  7- 9 | 10-12 | 13-15 | 16-18 || total
---------------------------+-------+-------+-------+-------+-------+-------++-------
  Melee: Hand axe          |    78 |   148 |   228 |       |       |       ||   454
         Dagger            |    42 |       |       |       |       |       ||    42
         War axe           |       |       |    84 |   290 |   544 |   320 ||  1238
         Mace              |       |       |    68 |       |       |       ||    68
         Battleaxe         |       |       |    59 |       |       |       ||    59
         Broad axe         |       |       |    13 |   299 |   593 |  1120 ||  2025
         Morningstar       |       |       |       |       |    94 |    16 ||   110
         Spear             |       |       |       |       |    94 |       ||    94
  Throw: Dart              |       |    27 |    55 |    11 |       |     9 ||   102
         Stone             |       |     5 |       |       |       |       ||     5
         Throwing net      |       |       |     3 |       |       |       ||     3
         Javelin           |       |       |     6 |     1 |     6 |       ||    13
         Boomerang         |       |       |       |     4 |       |     1 ||     5
Ability: Invent Gizmo      |       |       |       |       |     1 |       ||     1
  Evoke: Wand              |       |       |       |     7 |    11 |     7 ||    25
         Phantom mirror    |       |       |       |       |       |     1 ||     1
    Use: Scroll            |       |     6 |    16 |     8 |     6 |    11 ||    47
         Potion            |       |       |    15 |     1 |     1 |     5 ||    22
   Stab: Sleeping          |     1 |       |     2 |     1 |    20 |    22 ||    46
         Distracted        |       |     1 |     1 |     1 |     4 |     8 ||    15
         Paralysed         |       |     1 |       |       |       |       ||     1
         Petrifying        |       |       |     1 |     2 |       |     2 ||     5
         Held in net/web   |       |       |     1 |       |       |     1 ||     2
         Invisible         |       |       |     3 |       |     5 |    48 ||    56
         Confused          |       |       |       |       |     1 |     5 ||     6
         Petrified         |       |       |       |       |       |     5 ||     5
 Armour: Leather armour    |    35 |    34 |   135 |       |       |       ||   204
         Ring mail         |       |       |    31 |   202 |   447 |   185 ||   865
         Skin              |       |       |    18 |       |       |       ||    18
         Pearl dragon scal |       |       |       |       |       |   511 ||   511
  Dodge: Dodged            |    37 |    41 |   183 |   241 |   523 |   580 ||  1605
Riposte: Broad axe         |       |       |       |       |       |    21 ||    21

Table legend: (Time is in decaauts)
 A = Elapsed time spent in this place.
 B = Non-inter-level travel time spent in this place.
 C = Inter-level travel time spent in this place.
 D = Time resting spent in this place.
 E = Time spent auto-exploring this place.
 F = Levels seen in this place.
 G = Mean time per level.
                   A        B        C        D        E       F      G
               +--------+--------+--------+--------+--------+-----+--------+
         Total |  29127 |  26393 |   2734 |   2983 |  11740 |  34 |  856.7 |
       Dungeon |  13873 |  12535 |   1338 |    591 |   7253 |  15 |  924.9 |
        Temple |      1 |      1 |      0 |      0 |      0 |   1 |    1.0 |
          Lair |   6274 |   5668 |    606 |    806 |   2310 |   5 | 1254.8 |
        Shoals |   1297 |   1217 |     80 |     63 |    525 |   3 |  432.3 |
   Spider Nest |   4827 |   4340 |    487 |   1077 |   1030 |   4 | 1206.8 |
  Orcish Mines |   1102 |    880 |    222 |     14 |    531 |   2 |  551.0 |
         Sewer |    178 |    178 |      0 |      0 |     74 |   1 |  178.0 |
        Bailey |    826 |    826 |      0 |    268 |      1 |   1 |  826.0 |
      Ice Cave |    476 |    476 |      0 |     91 |      2 |   1 |  476.0 |
       Volcano |    269 |    269 |      0 |     71 |     13 |   1 |  269.0 |
               +--------+--------+--------+--------+--------+-----+--------+

Top non-repeatable levels by time:
Spider:1: 1617 daAuts
  Lair:4: 1564 daAuts
Spider:4: 1555 daAuts
    D:10: 1388 daAuts
  Lair:3: 1339 daAuts
  Lair:5: 1166 daAuts
  Lair:2: 1139 daAuts
  Lair:1: 1064 daAuts
    D:14: 1041 daAuts
     D:7: 1041 daAuts
    D:12: 1029 daAuts
    D:15: 991 daAuts
     D:3: 981 daAuts
     D:8: 977 daAuts
     D:4: 950 daAuts
